[Event "42nd Olympiad Baku 2016 Women"]
[Site "Baku"]
[Date "2016.09.04"]
[Round "3.7"]
[White "Francis, Thapelo"]
[Black "Azman Hisham, Nur Nabila"]
[Result "0-1"]
[ECO "B23"]
[WhiteElo "1700"]
[BlackElo "1994"]
[Annotator ""]
[PlyCount "62"]
[EventDate "2016.??.??"]
[EventCountry "AZE"]
[SourceTitle "playchess.com"]
[Source "ChessBase"]
[WhiteTeam "Botswana"]
[BlackTeam "Malaysia"]
[WhiteTeamCountry "BOT"]
[BlackTeamCountry "MAS"]
[TimeControl "40/5400+30:1800+30"]

1. e4 {(00:00)} c5 {(00:00)} 2. Nc3 {(00:00)} e6 {(
00:00)} 3. g3 {(00:03)} a6 {(00:33)} 4. Bg2 {(00:26)} Qc7
{(02:27)} 5. Nge2 {(01:14)} Nf6 {(00:32)} 6. d3 {(
01:22)} d6 {(01:04)} 7. O-O {(00:19)} Be7 {(01:38)} 8. f4
{(04:54)} Nc6 {(03:43)} 9. f5 {(05:27)} b5 {(06:49]
} 10. fxe6 {(20:18)} fxe6 {(03:45)} 11. Nf4 {(05:23)} O-O
{(01:51)} 12. Bd2 {(03:41)} Rb8 {(05:22)} 13. Be3 {
(08:43)} Nd4 {(03:17)} 14. h3 {(07:41)} b4 {(03:34]
} 15. Nb1 {(00:35)} e5 {(03:11)} 16. Ne2 {(00:29)} d5 {
(04:16)} 17. Bxd4 {(02:27)} cxd4 {(00:51)} 18. exd5 {
(01:55)} Bb7 {(01:13)} 19. c3 {(01:45)} Nxd5 {(01:
26)} 20. Rxf8+ {(00:57)} Rxf8 {(00:08)} 21. Qb3 {(00:30)}
Qd7 {(02:58)} 22. cxd4 {(03:02)} Kh8 {(01:07)} 23. Nd2 {
(02:09)} Ne3 {(02:07)} 24. Bxb7 {(00:35)} Qxb7 {(
00:21)} 25. Ne4 {(02:03)} exd4 {(01:14)} 26. Nxd4 {(07:56]
} Qb6 {(01:01)} 27. Qe6 {(10:46)} Qxd4 {(00:54)} 28. Rb1 {
(01:28)} Nd1+ {(03:10)} 29. Kh1 {(00:36)} Qxd3 {(
00:28)} 30. Qxe7 {(00:45)} Rf1+ {(00:28)} 31. Kg2 {(01:08]
} Qe2+ {(00:06)} 0-1

[Event "42nd Olympiad Baku 2016 Women"]
[Site "Baku"]
[Date "2016.09.04"]
[Round "3.22"]
[White "Franco Valencia, Beatriz Irene"]
[Black "Collas, Silvia"]
[Result "0-1"]
[ECO "E12"]
[WhiteElo "2183"]
[BlackElo "2301"]
[Annotator ""]
[PlyCount "80"]
[EventDate "2016.??.??"]
[EventCountry "AZE"]
[SourceTitle "playchess.com"]
[Source "ChessBase"]
[WhiteTeam "Colombia"]
[BlackTeam "France"]
[WhiteTeamCountry "COL"]
[BlackTeamCountry "FRA"]
[TimeControl "40/5400+30:1800+30"]

1. d4 {(00:00)} Nf6 {(00:00)} 2. c4 {(00:00)} e6 {(
00:00)} 3. Nf3 {(00:00)} b6 {(00:28)} 4. a3 {(00:02)} Ba6
{(00:34)} 5. e3 {(00:07)} d5 {(04:09)} 6. b3 {(00:
13)} Be7 {(02:52)} 7. Bd3 {(01:42)} Bb7 {(01:12)} 8. Qc2 {
(03:33)} Nbd7 {(01:40)} 9. Nbd2 {(08:10)} c5 {(03:
04)} 10. Bb2 {(03:46)} Rc8 {(00:21)} 11. O-O {(02:13)} O-O
{(00:53)} 12. Ne5 {(08:12)} cxd4 {(07:36)} 13. exd4 {
(01:07)} dxc4 {(01:55)} 14. bxc4 {(07:22)} b5 {(05:
08)} 15. Qb1 {(12:00)} bxc4 {(02:48)} 16. Ndxc4 {(00:52)}
Nb6 {(01:57)} 17. Nxb6 {(13:36)} axb6 {(00:57)} 18. Qd1 {
(02:47)} Qd5 {(04:09)} 19. f3 {(01:20)} Rfd8 {(05:
42)} 20. Qe2 {(00:21)} Qa5 {(05:07)} 21. Rfe1 {(05:41)}
Bd5 {(00:41)} 22. Ba6 {(03:28)} Rc7 {(02:50)} 23. Rec1 {
(00:49)} Bd6 {(03:11)} 24. Rxc7 {(01:56)} Bxc7 {(
03:31)} 25. Bb5 {(02:22)} Bxe5 {(02:21)} 26. dxe5 {(00:14]
} Nd7 {(00:07)} 27. Bxd7 {(05:11)} Rxd7 {(00:06)} 28. Rc1
{(00:07)} Bb7 {(01:45)} 29. Qc2 {(04:36)} Qd5 {(01:
58)} 30. h3 {(00:36)} h6 {(00:56)} 31. Qc3 {(01:46)} Qb5 {
(03:11)} 32. Qb4 {(04:20)} Qe2 {(04:42)} 33. Re1 {(
00:06)} Qc2 {(00:16)} 34. Qc3 {(01:56)} Qg6 {(01:52)} 35.
Kh2 {(02:25)} Rd3 {(04:32)} 36. Qc2 {(01:08)} Qf5 {
(00:20)} 37. Rf1 {(02:24)} Qf4+ {(02:34)} 38. Kh1 {
(00:13)} Rd2 {(02:18)} 39. Qc3 {(01:58)} Re2 {(01:
21)} 40. Qd3 {(00:00)} Rxb2 {(00:00)} 0-1

[Event "42nd Olympiad Baku 2016 Women"]
[Site "Baku"]
[Date "2016.09.04"]
[Round "3.8"]
[White "Fransson, Angelina"]
[Black "Revo, Tatiana"]
[Result "1/2-1/2"]
[ECO "B52"]
[WhiteElo "1996"]
[BlackElo "2087"]
[Annotator ""]
[PlyCount "100"]
[EventDate "2016.??.??"]
[EventCountry "AZE"]
[SourceTitle "playchess.com"]
[Source "ChessBase"]
[WhiteTeam "Sweden"]
[BlackTeam "Belarus"]
[WhiteTeamCountry "SWE"]
[BlackTeamCountry "BLR"]
[TimeControl "40/5400+30:1800+30"]

1. e4 {(00:00)} c5 {(00:00)} 2. Nf3 {(00:00)} d6 {(
00:00)} 3. Bb5+ {(00:00)} Bd7 {(00:00)} 4. Bxd7+ {(00:00)}
Qxd7 {(00:00)} 5. O-O {(00:00)} Nc6 {(00:07)} 6. c3 {
(00:03)} Nf6 {(01:26)} 7. Re1 {(00:06)} g6 {(00:36]
} 8. d4 {(00:43)} cxd4 {(00:32)} 9. cxd4 {(00:06)} Bg7 {
(00:21)} 10. Nc3 {(00:38)} O-O {(00:21)} 11. Bg5 {(
00:43)} Rfe8 {(08:24)} 12. Qd2 {(03:42)} a5 {(12:34)} 13.
Rad1 {(09:36)} Rab8 {(09:29)} 14. h3 {(06:45)} Red8 {
(13:30)} 15. Nd5 {(18:01)} b5 {(02:29)} 16. Bxf6 {(
13:01)} exf6 {(01:23)} 17. e5 {(04:10)} fxe5 {(27:55)} 18.
dxe5 {(00:41)} Kh8 {(00:43)} 19. Nf4 {(07:22)} Nxe5 {
(03:23)} 20. Nxe5 {(01:37)} Bxe5 {(00:13)} 21. Rxe5 {
(01:57)} dxe5 {(00:09)} 22. Qxd7 {(00:04)} Rxd7 {(
00:06)} 23. Rxd7 {(00:04)} exf4 {(00:06)} 24. Rxf7 {(01:
32)} Rc8 {(00:12)} 25. Rb7 {(02:32)} b4 {(04:11)} 26. Ra7
{(06:00)} Rc1+ {(02:56)} 27. Kh2 {(00:06)} Rc2 {(
00:08)} 28. Kg1 {(00:27)} Rxb2 {(00:19)} 29. Rxa5 {(00:07]
} Kg7 {(00:12)} 30. Ra6 {(00:49)} Kf7 {(02:23)} 31. Kf1 {
(04:35)} Ke7 {(02:50)} 32. Ke1 {(04:02)} Kd7 {(00:
27)} 33. a4 {(01:14)} Ra2 {(01:44)} 34. a5 {(00:09)} b3 {
(00:18)} 35. Rb6 {(00:05)} b2 {(02:29)} 36. Kd1 {(
00:09)} Ra1+ {(00:11)} 37. Kc2 {(00:11)} Rxa5 {(00:14)}
38. Rxb2 {(03:13)} Rg5 {(01:40)} 39. Rb4 {(01:05)} Rxg2 {
(01:26)} 40. Rxf4 {(00:00)} Ke6 {(00:00)} 41. Kd3 {
(01:46)} Ke5 {(05:25)} 42. Ke3 {(04:18)} Rg1 {(06:
14)} 43. Kf3 {(03:49)} Rh1 {(01:42)} 44. Rh4 {(00:17)} h5
{(00:13)} 45. Kg2 {(00:29)} Re1 {(03:46)} 46. Ra4 {
(03:25)} g5 {(03:02)} 47. Ra8 {(02:32)} Rb1 {(01:
02)} 48. Rh8 {(01:35)} h4 {(00:29)} 49. Re8+ {(06:30)} Kf4
{(00:22)} 50. Rf8+ {(00:13)} Ke5 1/2-1/2

[Event "42nd Olympiad Baku 2016 Women"]
[Site "Baku"]
[Date "2016.09.04"]
[Round "3.17"]
[White "Frayna, Janelle Mae"]
[Black "Harika, Dronavalli"]
[Result "1/2-1/2"]
[ECO "A40"]
[WhiteElo "2281"]
[BlackElo "2542"]
[Annotator ""]
[PlyCount "82"]
[EventDate "2016.??.??"]
[EventCountry "AZE"]
[SourceTitle "playchess.com"]
[Source "ChessBase"]
[WhiteTeam "Philippines"]
[BlackTeam "India"]
[WhiteTeamCountry "PHI"]
[BlackTeamCountry "IND"]
[TimeControl "40/5400+30:1800+30"]

1. d4 {(00:58)} e6 {(00:12)} 2. c4 {(00:46)} Nf6 {(
00:08)} 3. g3 {(00:39)} d5 {(00:09)} 4. Nf3 {(00:14)} Bb4+
{(00:06)} 5. Bd2 {(00:33)} Bd6 {(00:06)} 6. Nc3 {(
03:10)} O-O {(09:34)} 7. Bg2 {(07:34)} c6 {(00:53)} 8. b3
{(01:51)} Nbd7 {(01:48)} 9. O-O {(04:45)} Re8 {(07:
07)} 10. Qc2 {(09:19)} dxc4 {(04:33)} 11. bxc4 {(00:04)}
e5 {(00:04)} 12. e3 {(00:48)} exd4 {(06:15)} 13. exd4 {
(01:20)} Nf8 {(00:10)} 14. h3 {(11:18)} Be6 {(03:
16)} 15. Qa4 {(02:44)} h6 {(06:48)} 16. Rfd1 {(07:58)} Qc8
{(10:41)} 17. Kh2 {(00:38)} N8d7 {(05:54)} 18. Bf1 {
(02:37)} a6 {(03:34)} 19. c5 {(06:57)} Bc7 {(00:39]
} 20. Qc2 {(03:06)} Nf8 {(02:34)} 21. Re1 {(01:13)} Qd7 {
(04:17)} 22. Be3 {(01:26)} Ng6 {(03:13)} 23. Rad1 {
(04:04)} Nd5 {(03:13)} 24. Nxd5 {(00:42)} Qxd5 {(
03:09)} 25. Nd2 {(05:14)} Qxa2 {(03:21)} 26. Qxa2 {(02:25]
} Bxa2 {(00:02)} 27. Bc4 {(01:28)} Bxc4 {(00:08)} 28. Nxc4
{(00:03)} Nf8 {(07:05)} 29. Rb1 {(01:01)} Rab8 {(
02:25)} 30. Re2 {(01:32)} Ne6 {(00:41)} 31. Reb2 {(00:27)}
Nd8 {(02:09)} 32. Kg2 {(01:29)} Re7 {(02:45)} 33. Kf3 {
(02:05)} f6 {(00:17)} 34. Ke2 {(01:54)} Rd7 {(01:
30)} 35. Kd3 {(00:53)} Ne6 {(01:27)} 36. Kc3 {(00:34)} Bd8
{(01:01)} 37. Ra2 {(04:15)} Ra8 {(01:57)} 38. Rab2 {
(04:55)} Rb8 {(00:14)} 39. Ra2 {(00:33)} Ra8 {(02:
55)} 40. Rab2 {(00:00)} Rb8 {(00:00)} 41. Ra2 {(00:46)}
Ra8 {(14:24)} 1/2-1/2

[Event "42nd Olympiad Baku 2016 Women"]
[Site "Baku"]
[Date "2016.09.04"]
[Round "3.24"]
[White "Fredericia, Louise"]
[Black "Collazo Hidalgo-Gato, Niala"]
[Result "1/2-1/2"]
[ECO "B23"]
[WhiteElo "2117"]
[BlackElo "2268"]
[Annotator ""]
[PlyCount "69"]
[EventDate "2016.??.??"]
[EventCountry "AZE"]
[SourceTitle "playchess.com"]
[Source "ChessBase"]
[WhiteTeam "Denmark"]
[BlackTeam "Spain"]
[WhiteTeamCountry "DEN"]
[BlackTeamCountry "ESP"]
[TimeControl "40/5400+30:1800+30"]

1. e4 {(00:00)} c5 {(00:00)} 2. Nc3 {(00:00)} a6 {(
00:00)} 3. f4 {(01:05)} b5 {(00:19)} 4. Nf3 {(00:58)} Bb7
{(00:32)} 5. d4 {(04:12)} cxd4 {(01:53)} 6. Qxd4 {(
01:13)} Nc6 {(02:37)} 7. Qf2 {(00:15)} e6 {(02:04)} 8. a3
{(05:36)} Be7 {(07:53)} 9. Be3 {(04:11)} d6 {(06:
31)} 10. Bd3 {(05:56)} Nf6 {(00:55)} 11. h3 {(03:33)} Nd7
{(04:16)} 12. Rd1 {(09:34)} Qc7 {(02:26)} 13. O-O {
(07:11)} O-O {(06:44)} 14. Qg3 {(14:23)} Bf6 {(15:
27)} 15. e5 {(09:17)} dxe5 {(03:17)} 16. Ne4 {(00:39)}
exf4 {(07:02)} 17. Nxf6+ {(00:26)} Nxf6 {(00:07)} 18. Bxf4
{(00:26)} Qb6+ {(03:55)} 19. Kh1 {(00:10)} Ne7 {(
04:42)} 20. Bc7 {(04:04)} Qe3 {(05:30)} 21. Bf4 {(06:12)}
Nh5 {(06:34)} 22. Bxh7+ {(06:15)} Kh8 {(00:04)} 23. Qh4 {
(00:25)} Qxf4 {(00:30)} 24. Qxh5 {(00:20)} Qh6 {(
00:46)} 25. Qxh6 {(00:18)} gxh6 {(00:05)} 26. Rd7 {(01:09]
} Bxf3 {(03:33)} 27. Rxf3 {(02:08)} Kxh7 {(01:16)} 28.
Rxe7 {(00:05)} Kg6 {(00:09)} 29. Kg1 {(03:01)} Rad8 {
(01:22)} 30. Ra7 {(00:56)} Rd1+ {(00:53)} 31. Rf1 {
(01:10)} Rd6 {(00:06)} 32. Rf3 {(00:28)} Rd1+ {(02:
14)} 33. Rf1 {(00:25)} Rd6 {(00:23)} 34. Rf3 {(00:29)}
Rd1+ {(02:44)} 35. Kh2 1/2-1/2

[Event "42nd Olympiad Baku 2016 Women"]
[Site "Baku"]
[Date "2016.09.04"]
[Round "3.27"]
[White "Fuad Kamel Jamaliah, Natalie"]
[Black "Sivarajasingam, Shayanna"]
[Result "1-0"]
[ECO "D00"]
[WhiteElo "2064"]
[BlackElo "1687"]
[Annotator ""]
[PlyCount "129"]
[EventDate "2016.??.??"]
[EventCountry "AZE"]
[SourceTitle "playchess.com"]
[Source "ChessBase"]
[WhiteTeam "Jordan"]
[BlackTeam "Wales"]
[WhiteTeamCountry "JOR"]
[BlackTeamCountry "WLS"]
[TimeControl "40/5400+30:1800+30"]

1. d4 {(00:00)} d5 {(00:00)} 2. Bf4 {(00:00)} Nf6 {
(00:00)} 3. e3 {(00:00)} c5 {(00:00)} 4. c3 {(00:
28)} Nc6 {(00:00)} 5. Nd2 {(00:47)} Qb6 {(00:00)} 6. Qb3 {
(00:57)} c4 {(00:07)} 7. Qc2 {(00:45)} g6 {(00:18)}
8. e4 {(02:02)} Na5 {(01:01)} 9. Be5 {(12:03)} dxe4 {
(22:07)} 10. Nxc4 {(03:12)} Nxc4 {(01:31)} 11. Bxc4 {
(00:28)} Bg7 {(02:42)} 12. Qb3 {(07:23)} Qxb3 {(02:
14)} 13. axb3 {(01:05)} O-O {(00:37)} 14. Ne2 {(02:28)}
Rd8 {(07:10)} 15. Ng3 {(07:22)} Bf5 {(01:11)} 16. O-O {
(06:30)} Ng4 {(06:26)} 17. Bxg7 {(02:04)} Kxg7 {(
00:18)} 18. Rfe1 {(00:34)} Nf6 {(02:16)} 19. Ra5 {(02:02)}
e6 {(01:05)} 20. Rea1 {(01:17)} a6 {(01:56)} 21. b4 {
(01:19)} Nd5 {(05:06)} 22. Bxd5 {(04:49)} exd5 {(
00:40)} 23. Nf1 {(02:27)} Be6 {(00:55)} 24. b5 {(05:51)}
Rd6 {(01:12)} 25. R1a2 {(02:02)} f5 {(03:16)} 26. Ne3 {
(00:49)} Rb6 {(02:39)} 27. g3 {(01:44)} g5 {(00:51]
} 28. Nc2 {(04:44)} Rd6 {(23:49)} 29. Nb4 {(02:47)} Bc8 {
(00:51)} 30. bxa6 {(02:09)} bxa6 {(00:09)} 31. Rc5 {
(00:11)} f4 {(02:18)} 32. Nxd5 {(12:45)} Be6 {(05:
38)} 33. Raa5 {(04:02)} Rb8 34. Nb4 {(02:57)} h6 {(03:13)}
35. Re5 {(02:04)} Rdb6 {(02:39)} 36. Rxe4 {(01:01)} f3 {
(01:25)} 37. Kf1 {(02:57)} Rc8 {(00:27)} 38. Ke1 {(
00:38)} Kf7 {(01:39)} 39. Kd2 {(00:15)} g4 {(00:41)} 40.
Rae5 {(00:00)} Rd6 {(00:00)} 41. Ke3 {(04:51)} Rcd8 {
(01:16)} 42. Ra5 {(02:27)} Ra8 {(00:57)} 43. Nd3 {(
00:26)} Rh8 {(02:27)} 44. Ne5+ {(00:37)} Kf6 {(00:31)} 45.
Rf4+ {(00:16)} Kg7 {(00:33)} 46. Nxg4 {(00:49)} Bd5 {
(00:33)} 47. Ne5 {(00:23)} Re8 {(00:25)} 48. Rc5 {(
00:45)} Rb8 {(00:26)} 49. Rc7+ {(00:39)} Kg8 {(00:23)} 50.
Rg4+ {(00:43)} Kf8 {(00:19)} 51. Nd7+ {(00:48)} Rxd7 {
(00:16)} 52. Rxd7 {(00:05)} Be6 {(00:45)} 53. Rf4+ {
(00:17)} Kg8 {(00:26)} 54. Rd6 {(00:57)} Rxb2 {(00:
20)} 55. Rxf3 {(01:03)} Bc4 {(00:17)} 56. Rxh6 {(01:42)}
a5 {(00:20)} 57. Rc6 {(03:04)} Re2+ {(00:43)} 58. Kf4 {
(00:08)} Bd5 {(00:22)} 59. Rc8+ {(01:00)} Kg7 {(00:
08)} 60. Re3 {(00:18)} Rxf2+ {(00:23)} 61. Kg5 {(00:04)}
Rxh2 {(00:36)} 62. Rc7+ {(01:04)} Bf7 {(00:10)} 63. Rf3 {
(00:18)} Rh5+ {(00:23)} 64. Kg4 {(00:02)} a4 {(00:
44)} 65. Rcxf7+ {(00:09)} 1-0

[Event "42nd Olympiad Baku 2016 Women"]
[Site "Baku"]
[Date "2016.09.04"]
[Round "3.8"]
[White "Fuchs, Judith"]
[Black "Fataliyeva, Ulviyya"]
[Result "1/2-1/2"]
[ECO "A01"]
[WhiteElo "2287"]
[BlackElo "2234"]
[Annotator ""]
[PlyCount "165"]
[EventDate "2016.??.??"]
[EventCountry "AZE"]
[SourceTitle "playchess.com"]
[Source "ChessBase"]
[WhiteTeam "Germany"]
[BlackTeam "Azerbaijan"]
[WhiteTeamCountry "GER"]
[BlackTeamCountry "AZE"]
[TimeControl "40/5400+30:1800+30"]

1. b3 {(00:00)} e6 {(00:00)} 2. Bb2 {(00:00)} Nf6 {
(00:28)} 3. e3 {(00:22)} d5 {(00:38)} 4. Nf3 {(01:
58)} Bd6 {(03:40)} 5. c4 {(02:14)} O-O {(03:07)} 6. Be2 {
(03:25)} Qe7 {(07:21)} 7. Nc3 {(07:35)} dxc4 {(06:
41)} 8. bxc4 {(03:43)} e5 {(01:27)} 9. Nb5 {(11:30)} e4 {
(08:45)} 10. Nxd6 {(01:37)} Qxd6 {(02:18)} 11. Nd4 {
(02:38)} Qe5 {(06:16)} 12. Qc2 {(12:40)} Na6 {(06:
03)} 13. f4 {(06:36)} Qe7 {(09:41)} 14. O-O {(07:06)} c5 {
(10:15)} 15. Nb3 {(12:17)} Bf5 {(09:03)} 16. a3 {(
01:11)} Rad8 {(01:36)} 17. Qc3 {(01:21)} Ne8 {(00:56)} 18.
Rae1 {(03:04)} Rd6 {(02:44)} 19. Rf2 {(04:23)} f6 {
(08:00)} 20. Nc1 {(02:32)} Qd7 {(02:20)} 21. Rd1 {(
03:21)} Nec7 {(00:53)} 22. h3 {(02:48)} Rd8 {(04:00)} 23.
Bf1 {(01:25)} Na8 {(00:27)} 24. Qc2 {(00:41)} Nb6 {
(01:32)} 25. Na2 {(03:42)} Qa4 {(01:27)} 26. Qxa4 {
(02:04)} Nxa4 {(00:01)} 27. Ba1 {(00:07)} Nc7 {(02:
18)} 28. Nc3 {(01:13)} Nxc3 {(00:44)} 29. Bxc3 {(00:01)}
Ra6 {(00:47)} 30. Rb1 {(01:08)} Bc8 {(00:41)} 31. Rb3 {
(00:44)} Na8 {(00:38)} 32. Rb5 {(01:03)} Rc6 {(00:
22)} 33. g4 {(01:00)} Nb6 {(00:40)} 34. Ba5 {(00:22)} Be6
{(00:23)} 35. f5 {(00:46)} Bf7 {(00:07)} 36. Bxb6 {
(00:17)} axb6 {(00:16)} 37. Rb2 {(00:28)} g5 {(01:
15)} 38. Bg2 {(00:54)} Bxc4 {(00:37)} 39. Bxe4 {(00:05)}
Bd5 {(00:08)} 40. Bd3 {(00:00)} c4 {(00:00)} 41. Bf1 {
(07:47)} Ra8 {(09:27)} 42. Rb5 {(02:43)} Bf7 {(04:
32)} 43. Bg2 {(02:55)} Rd6 {(02:03)} 44. Bxb7 {(01:56)}
Rxa3 {(00:17)} 45. Rb2 {(01:45)} Ra7 {(03:39)} 46. Bg2 {
(01:49)} Rad7 {(01:00)} 47. Bf1 {(04:46)} Kg7 {(03:
50)} 48. Rb4 {(02:28)} Rc7 {(00:42)} 49. Re2 {(03:41)} Rc5
{(00:49)} 50. Bg2 {(01:28)} b5 {(00:36)} 51. Rb2 {(
01:01)} Rd3 {(03:44)} 52. Re1 {(01:04)} b4 {(01:42)} 53.
Bf1 {(02:35)} Rd7 {(01:31)} 54. Rc1 {(01:57)} c3 {(
00:46)} 55. Rxb4 {(00:38)} Rxd2 {(03:14)} 56. Rd4 {(00:18]
} Rb2 {(00:42)} 57. Rdd1 {(00:22)} Rc7 {(00:43)} 58. Bd3 {
(00:39)} Bb3 {(00:24)} 59. Re1 {(00:19)} Rd2 {(00:
10)} 60. Be2 {(00:25)} c2 {(00:20)} 61. Kf2 {(00:55)} Rc3
{(01:00)} 62. Kf3 {(00:31)} Bd5+ {(00:29)} 63. Kf2 {
(00:01)} Be4 {(00:36)} 64. Ra1 {(00:42)} Bd3 {(00:
21)} 65. Rac1 {(00:09)} Rb3 {(00:36)} 66. Kf3 {(00:50)}
Rc3 {(00:36)} 67. Bxd3 {(00:12)} Rdxd3 {(00:27)} 68. Re2 {
(00:37)} Kf7 {(00:24)} 69. Kf2 {(00:43)} h5 {(00:
43)} 70. Rexc2 {(00:34)} Rxc2+ {(00:23)} 71. Rxc2 {(00:01]
} h4 {(00:24)} 72. Rc7+ {(00:24)} Kf8 {(00:24)} 73. Ke2 {
(01:01)} Ra3 {(00:19)} 74. Rc2 {(00:38)} Ra1 {(00:
08)} 75. Kf3 {(00:42)} Rh1 {(00:58)} 76. Kg2 {(00:01)} Re1
{(00:12)} 77. Kf2 {(00:05)} Rh1 {(00:11)} 78. Kg2 {
(00:03)} Re1 {(00:03)} 79. Rc3 {(01:33)} Ke7 {(01:
00)} 80. Kf3 {(00:36)} Rh1 {(00:16)} 81. Ke4 {(00:32)}
Rxh3 {(01:18)} 82. Rc7+ {(00:32)} Ke8 {(00:47)} 83. Rc8+ {
(00:30)} 1/2-1/2

[Event "42nd Olympiad Baku 2016 Women"]
[Site "Baku"]
[Date "2016.09.04"]
[Round "3.28"]
[White "Fuentes Inzunza, Lesly"]
[Black "Vujnovic, Patricija"]
[Result "1-0"]
[ECO "A46"]
[WhiteElo "1840"]
[BlackElo "2137"]
[Annotator ""]
[PlyCount "73"]
[EventDate "2016.??.??"]
[EventCountry "AZE"]
[SourceTitle "playchess.com"]
[Source "ChessBase"]
[WhiteTeam "Chile"]
[BlackTeam "Croatia"]
[WhiteTeamCountry "CHI"]
[BlackTeamCountry "CRO"]
[TimeControl "40/5400+30:1800+30"]

1. d4 {(00:00)} Nf6 {(00:00)} 2. Nf3 {(00:00)} e6 {
(00:22)} 3. g3 {(00:00)} d5 {(00:55)} 4. Bg2 {(00:
21)} Be7 {(00:16)} 5. O-O {(00:21)} O-O {(00:25)} 6. b3 {
(07:08)} b6 {(05:23)} 7. Bb2 {(02:16)} Bb7 {(01:00]
} 8. Nbd2 {(00:58)} Nbd7 {(01:37)} 9. c4 {(04:21)} dxc4 {
(01:18)} 10. Nxc4 {(01:54)} c5 {(03:22)} 11. Nfe5 {
(08:47)} Bxg2 {(04:19)} 12. Kxg2 {(00:31)} Rc8 {(
05:51)} 13. Rc1 {(06:52)} b5 {(07:34)} 14. Nxd7 {(06:36)}
Qxd7 {(06:42)} 15. Ne5 {(03:44)} Qb7+ {(01:48)} 16. Kg1 {
(03:27)} Rfd8 {(00:20)} 17. e3 {(00:31)} cxd4 {(11:
56)} 18. Bxd4 {(02:26)} Rxc1 {(07:52)} 19. Qxc1 {(00:03)}
Rc8 {(00:30)} 20. Qb2 {(13:28)} Rc7 {(02:50)} 21. Rc1 {
(01:45)} Qc8 {(00:32)} 22. Rxc7 {(01:49)} Qxc7 {(
00:01)} 23. Qe2 {(03:04)} a6 {(02:09)} 24. Qf3 {(01:03)}
Qc8 {(02:04)} 25. Nc6 {(05:01)} Nd5 {(02:15)} 26. Qxd5 {
(01:05)} Bf8 {(03:54)} 27. Qe4 {(01:59)} f6 {(00:
15)} 28. Qc2 {(00:59)} Qd7 {(00:29)} 29. b4 {(04:53)} h5 {
(00:39)} 30. h4 {(01:22)} Bd6 {(01:22)} 31. a3 {(
00:57)} Qc7 {(00:20)} 32. Qe4 {(01:46)} Bxg3 {(01:13)} 33.
Qxe6+ {(03:22)} Kh7 {(00:43)} 34. Qe4+ {(01:40)} Kh6 {
(00:48)} 35. Ne7 {(04:53)} Bxf2+ {(02:03)} 36. Kxf2 {
(00:03)} Qh2+ {(00:19)} 37. Kf1 {(00:32)} 1-0

[Event "42nd Olympiad Baku 2016 Women"]
[Site "Baku"]
[Date "2016.09.04"]
[Round "3.4"]
[White "Gara, Ticia"]
[Black "Topel, Zehra"]
[Result "1/2-1/2"]
[ECO "A06"]
[WhiteElo "2379"]
[BlackElo "2156"]
[Annotator ""]
[PlyCount "170"]
[EventDate "2016.??.??"]
[EventCountry "AZE"]
[SourceTitle "playchess.com"]
[Source "ChessBase"]
[WhiteTeam "Hungary"]
[BlackTeam "Turkey"]
[WhiteTeamCountry "HUN"]
[BlackTeamCountry "TUR"]
[TimeControl "40/5400+30:1800+30"]

1. Nf3 {(00:00)} d5 {(01:07)} 2. g3 {(00:00)} Nf6 {
(01:07)} 3. Bg2 {(00:25)} g6 {(01:12)} 4. d4 {(02:
07)} Bg7 {(00:38)} 5. c4 {(01:32)} c6 {(02:37)} 6. b3 {
(04:33)} O-O {(00:39)} 7. Bb2 {(01:06)} b6 {(00:41]
} 8. O-O {(01:17)} Ba6 {(01:01)} 9. Nbd2 {(04:01)} Nbd7 {
(02:25)} 10. Qc2 {(02:54)} Rc8 {(04:59)} 11. e4 {(
07:22)} Nxe4 {(04:34)} 12. Nxe4 {(00:10)} dxe4 {(00:05)}
13. Qxe4 {(01:14)} b5 {(05:28)} 14. Rac1 {(07:24)} bxc4 {
(03:02)} 15. bxc4 {(00:42)} e6 {(14:38)} 16. Rfd1 {
(01:51)} Qa5 {(01:45)} 17. Rc3 {(26:44)} c5 {(10:
08)} 18. Ra3 {(04:30)} Qb6 {(03:33)} 19. Rb3 {(01:59)} Qc7
{(03:29)} 20. d5 {(04:28)} exd5 {(03:19)} 21. cxd5 {
(01:30)} Rfe8 {(02:58)} 22. Qh4 {(03:49)} c4 {(04:
08)} 23. Ng5 {(07:27)} h6 {(05:20)} 24. Bxg7 {(01:58)}
Kxg7 {(02:29)} 25. Qd4+ {(08:37)} Kg8 {(02:50)} 26. Ra3 {
(00:42)} Qd6 {(02:17)} 27. Rxa6 {(01:21)} Qxa6 {(
00:44)} 28. Ne4 {(00:24)} f5 {(09:31)} 29. Nc3 {(01:14)}
Re5 {(01:10)} 30. d6 {(01:55)} Kh7 {(02:14)} 31. Nd5 {
(00:41)} Qa5 {(01:22)} 32. Bf1 {(01:22)} Rxd5 {(01:
19)} 33. Qxd5 {(00:05)} Qxd5 {(00:05)} 34. Rxd5 {(00:03)}
c3 {(01:06)} 35. Rd1 {(00:08)} Rc5 {(01:31)} 36. a4 {
(00:55)} c2 {(00:46)} 37. Rc1 {(00:04)} Ne5 {(01:
17)} 38. Kg2 {(01:45)} Rd5 {(00:42)} 39. Rxc2 {(00:17)}
Rxd6 {(00:05)} 40. Rc5 {(00:00)} Ng4 {(00:00)} 41. Rc7+ {
(01:11)} Kg8 {(01:38)} 42. h3 {(02:34)} Nf6 {(00:
22)} 43. Rxa7 {(00:48)} Ne4 {(00:50)} 44. Be2 {(11:37)}
Rd2 {(01:50)} 45. Kf3 {(00:30)} Kf8 {(01:23)} 46. a5 {
(01:02)} Nc3 {(01:08)} 47. Bc4 {(01:08)} Nd1 {(00:
46)} 48. Be2 {(04:41)} Nc3 {(00:11)} 49. Bf1 {(05:58)} Nd1
{(00:57)} 50. Kg2 {(01:33)} Nxf2 {(03:24)} 51. a6 {
(01:32)} Nd3+ {(11:06)} 52. Kf3 {(01:56)} Rf2+ {(
00:34)} 53. Ke3 {(00:04)} Rxf1 {(00:08)} 54. Kxd3 {(00:40]
} Ra1 {(03:40)} 55. Kc4 {(00:34)} Ra5 {(00:51)} 56. Kb4 {
(00:23)} Ra1 {(00:05)} 57. Kb5 {(00:35)} Rb1+ {(01:
16)} 58. Kc5 {(00:58)} Ra1 {(03:35)} 59. Kd5 {(01:24)} g5
{(00:55)} 60. Ke5 {(00:19)} f4 {(05:00)} 61. gxf4 gxf4 {
(00:04)} 62. Kxf4 {(00:36)} Ra5 {(01:00)} 63. Ke4 {
(00:15)} Ke8 {(00:30)} 64. h4 {(02:25)} Kd8 {(00:
44)} 65. Ra8+ {(00:18)} Kc7 {(01:33)} 66. a7 {(00:26)} Kb7
{(00:28)} 67. Rh8 {(00:10)} Kxa7 {(00:11)} 68. Rxh6 {
(00:07)} Kb7 {(00:24)} 69. Kf4 {(00:47)} Kc7 {(00:
14)} 70. Re6 {(00:24)} Kd7 {(00:44)} 71. Re2 {(00:52)} Ra1
{(00:51)} 72. h5 {(00:32)} Rh1 {(00:36)} 73. Kg5 {(
00:09)} Rg1+ {(00:11)} 74. Kf6 {(00:49)} Rf1+ {(00:18)}
75. Kg7 {(00:25)} Rg1+ {(00:09)} 76. Kh7 {(00:11)} Rg5 {
(00:31)} 77. h6 {(00:23)} Rg3 {(00:07)} 78. Kh8 {(
00:47)} Rh3 {(00:13)} 79. h7 {(01:03)} Rg3 {(00:06)} 80.
Re5 {(00:38)} Rg2 {(00:14)} 81. Ra5 {(00:25)} Ke7 {
(00:11)} 82. Ra7+ {(00:29)} Kf8 {(00:25)} 83. Ra8+ {
(00:08)} Kf7 {(00:17)} 84. Rg8 {(00:15)} Rf2 {(00:
24)} 85. Rg3 {(00:29)} Kf8 {(00:19)} 1/2-1/2